 Dungeon Crawl Stone Soup version 0.31.0-12-g77e489cdc1 (webtiles) character file.

Game seed: 8452465856338719517

2454 safid the Mimic (level 9, -3/82 HPs)
             Began as a Pale Draconian Shapeshifter on Feb 23, 2024.
             Slain by an unseen horror (8 damage)
             ... on level 6 of the Dungeon on Feb 27, 2024.
             The game lasted 00:12:16 (6024 turns).

safid the Mimic (Pale Draconian Shapeshifter)       Turns: 6024, Time: 00:12:16

Health: -3/82      AC:  7    Str: 21    XL:     9   Next: 25%
Magic:  0/9        EV: 13    Int: 11    God:
Gold:   368        SH:  0    Dex: 10    Spells: 8/8 levels left

rFire   + .          .
                       - Unarmed
rCold   + + .        (no shield)
rNeg    + . .        (body armour unavailable)
rPois   +            (helmet currently unavailable)
rElec   +            (cloak currently unavailable)
rCorr   +            (gloves currently unavailable)
SInv    .            (boots currently unavailable)
Will    .....        l - amulet of guardian spirit
Stlth   +            d - ring of protection from cold
HPRegen 0.33/turn    o - ring of positive energy
MPRegen 0.11/turn

%: guardian spirit
@: beast-form, resistant
A: beast (slay +4), breathe steam, AC +7, unfitting armour, cold-blooded, steam
resistance
a: Breathe Steam, Begin Untransformation


You were on level 6 of the Dungeon.
You were a hulking beast.
You visited 1 branch of the dungeon, and saw 6 of its levels.
You also visited: Sewer.

You collected 368 gold pieces.

Inventory:

Missiles
 n - 7 throwing nets (quivered)
 y - 9 javelins
 B - a curare-tipped dart
Armour
 e - a +0 cloak
 g - a +0 pair of gloves
 j - a +0 helmet
Jewellery
 d - a ring of protection from cold (left hand)
 l - an amulet of guardian spirit (around neck)
 o - a ring of positive energy (right hand)
Talismans
 a - a maw talisman
 b - a beast talisman
 c - a flux talisman
 x - a serpent talisman
Wands
 f - a wand of flame (22)
 p - a wand of acid (10)
 v - a wand of iceblast (6)
Scrolls
 q - a scroll of blinking
 r - 2 scrolls of fear
 t - 2 scrolls of amnesia {unknown}
 u - a scroll of immolation {unknown}
 w - 3 scrolls of teleportation
 A - a scroll of torment {unknown}
Potions
 h - a potion of enlightenment {unknown}
 k - a potion of resistance
 m - a potion of haste {unknown}
 s - 2 potions of brilliance
 C - a potion of curing {unknown}
 D - a potion of mutation {unknown}


   Skills:
 + Level 8.3 Fighting
 - Level 5.3 Dodging
 - Level 0.5 Stealth
 + Level 8.9 Unarmed Combat
 * Level 8.9 Shapeshifting


You had 8 spell levels left.
You didn't know any spells.
Your spell library contained the following spells:

 Spells                   Type           Power      Damage    Failure   Level
 Apportation              Tloc           0%         N/A       34%         1
 Freeze                   Ice            0%         1d3       34%         1
 Necrotise                Necr           0%         1d4       34%         1
 Sting                    Conj/Alch      0%         1d3       34%         1
 Summon Small Mammal      Summ           0%         N/A       34%         1
 Call Imp                 Summ           0%         N/A       47%         2
 Frozen Ramparts          Ice            0%         1d1       71%         3
 Hailstorm                Conj/Ice       0%         3d5       71%         3


Dungeon Overview and Level Annotations

Branches:
Dungeon (6/15)              Sewer (visited)
 Temple: D:4-7

Altars:
Dithmenos
Uskayaw
Xom
Yredelemnul

Shops:
D:4 (


Innate Abilities, Weirdness & Mutations

You are a hulking beast.
Your limbs bulge with bestial killing power. (Slay +4)
You can breathe blasts of scalding, opaque steam.
Your pale cyan-grey scales are hard. (AC +7)
You cannot fit into any form of body armour.
You are cold-blooded and may be slowed by cold attacks.
You are immune to the effects of steam.


Message History

Something hits you.
* * * LOW HITPOINT WARNING * * *
It was a potion of heal wounds.
You feel much better.
Unknown command.
Something hits you but does no damage. Something barely misses you.
Something hits you.
There is an open door here.
Something hits you.
* * * LOW HITPOINT WARNING * * *
Something hits you.
* * * LOW HITPOINT WARNING * * *
Something hits you but does no damage. Something hits you.
* * * LOW HITPOINT WARNING * * *
Something hits you!
* * * LOW HITPOINT WARNING * * *
Something hits you.
* * * LOW HITPOINT WARNING * * *
There is an open door here.
Something hits you but does no damage. x2
You feel much better. Something hits you!
* * * LOW HITPOINT WARNING * * *
Something hits you.
You hit something but do no damage. Something hits you but does no damage.
You swing at nothing.
You hit something but do no damage. Something hits you.
* * * LOW HITPOINT WARNING * * *
Something hits you.
* * * LOW HITPOINT WARNING * * *
Something hits you but does no damage.
You hit something.
Your tail-slap misses something.
Something hits you.
* * * LOW HITPOINT WARNING * * *
You swing at nothing.
You hit something. Something hits you but does no damage.
You swing at nothing.
Something hits you.
* * * LOW HITPOINT WARNING * * *
Something hits you.
* * * LOW HITPOINT WARNING * * *
Something hits you!
You die...

*,,,+,,,,*,,,*,,,,,,+,,,**,,
**,,*,,,,*,,,*,,,,,,*,,,,,,,
***##########,,,,,,*,,,,,,,
#.).#....#,,,,,.##+###..
#...#....#,,,,,......#+#
#...'....#,,,,,.........
#...#....#,,,,,.........
#...#....#,,,,,........h
##..###h##,,,,,.........
##..##...###############
#...............'.......
#..............>#.......
##..............#.......
#..####..##..########+#
#..########..#.........
#........#...#.........
#........'...#.........


There were no monsters in sight!

Vanquished Creatures
  Grinder (D:5)
  A fire bat (D:5)
  A black bear (D:5)
  2 sky beasts
  An ogre (D:5)
  A centaur (D:6)
  2 kobold brigands (Sewer)
  A bullfrog (D:6)
  A gnoll sergeant (D:5)
  2 scorpions
  5 wights (D:6)
  A bombardier beetle (D:4)
  2 jellies
  A quasit (Sewer)
  2 orc priests
  Ijyb (D:2)
  2 gnoll boudas
  3 iguanas (D:5)
  15 gnolls
  5 adders
  2 shadow imps (Sewer)
  4 ufetubi (Sewer)
  2 ribbon worms
  5 orcs
  A bat zombie (Sewer)
  6 endoplasms
  5 giant cockroaches
  12 goblins
  A hobgoblin (D:2)
  3 quokkas
  3 training dummies (D:4)
  8 ball pythons
  8 bats (D:5)
  2 frilled lizards
  A giant cockroach zombie (Sewer)
  18 kobolds
  7 rats
138 creatures vanquished.

Notes
Turn   | Place    | Note
-------+----------+-------------------------------------------
     0 | D:1      | safid the Draconian Shapeshifter began the quest for the
                  | Orb.
     0 | D:1      | Reached XP level 1. HP: 16/16 MP: 1/1
    64 | D:1      | Found a faded altar of an unknown god.
   740 | D:2      | Reached XP level 2. HP: 22/23 MP: 2/2
  1014 | D:2      | Noticed Ijyb
  1041 | D:2      | HP: 1/34 [Ijyb/+0 club (3)]
  1043 | D:2      | Killed Ijyb
  1044 | D:2      | Reached XP level 3. HP: 2/28 MP: 0/3
  1593 | D:3      | Reached XP level 4. HP: 35/35 MP: 4/4
  1913 | D:3      | Found a hide-covered altar of Uskayaw.
  2124 | D:3      | Identified the +0 scale mail "Jettoff" {rF+ rC+ rN+}
  2243 | D:4      | Noticed a sky beast
  2255 | D:4      | Killed a sky beast
  2256 | D:4      | Reached XP level 5. HP: 28/40 MP: 2/5
  2451 | D:4      | Found a basalt altar of Yredelemnul.
  2803 | D:4      | Got the Anthology of the Commander
  2805 | D:4      | Found a shadowy altar of Dithmenos.
  2875 | D:4      | Reached XP level 6. HP: 43/47 MP: 4/6
  2883 | D:4      | HP: 3/70 [gnoll/+0 halberd[a gnoll bouda] (6)]
  2885 | D:4      | Reached skill level 5 in Shapeshifting
  3055 | D:4      | Found Nafaewai's Firing Range.
  3372 | D:4      | Reached skill level 5 in Unarmed Combat
  3500 | D:5      | Entered Level 5 of the Dungeon
  3504 | D:5      | Noticed Grinder
  3541 | D:5      | Reached skill level 5 in Dodging
  3541 | D:5      | Your scales start taking on a pale cyan-grey colour.
  3541 | D:5      | Reached XP level 7. HP: 26/68 MP: 4/7
  3541 | D:5      | Gained mutation: You are immune to the effects of steam.
                  | [Pale Draconian growth]
  3552 | D:5      | Paralysed by Grinder for 3 turns
  3559 | D:5      | Killed Grinder
  3560 | D:5      | Reached XP level 8. HP: 9/74 MP: 2/8
  4007 | D:5      | Found a glowing drain.
  4013 | Sewer    | Entered a sewer
  4343 | Sewer    | Found a burning altar of Makhleb.
  4909 | D:5      | Found a shimmering altar of Xom.
  5346 | D:5      | Reached XP level 9. HP: 81/81 MP: 9/9
  5994 | D:6      | Noticed an unseen horror
  6013 | D:6      | HP: 3/82 [something (4)]
  6024 | D:6      | Slain by an unseen horror

Illustrated notes

Levels and vault maps discovered:
D:1:      lemuel_arrival_room, layout_basic, basic_ecumenical_altar
D:2:      kennysheep_the_goblin_king, layout_loops_ring, glass_columns_a
D:3:      layout_loops_ring, mainiacjoe_overflow_alcove_4
D:4:      layout_basic, mainiacjoe_overflow_concentric_impassable,
          mainiacjoe_overflow_small_starburst, nicolae_shop_firing_range
D:5:      layout_basic, regret_index_xom_of_box, gup_sewer_entry_bubbles,
          glass_columns_a, chequers_serial_rivers_large_b, roderic_batcave,
          grunt_decor_cap, uniq_grinder
D:6:      lemuel_ratsnest, layout_gridville, uniq_maggie

Skill      XL: |  1  2  3  4  5  6  7  8 |
---------------+-------------------------+-----
Dodging        | 2 5 |  5.3
Shapeshifting  | 4 8 |  8.9
Unarmed Combat | 4 7 8 |  8.9
Fighting       | 8 |  8.3
Stealth        | |  0.5

Action                     |  1- 3 |  4- 6 |  7- 9 || total
---------------------------+-------+-------+-------++-------
  Melee: Unarmed           |    71 |   107 |   199 ||   377
         Tailslap          |     6 |     6 |    30 ||    42
         Punch             |     6 |     3 |     8 ||    17
    Use: Potion            |     1 |     3 |     5 ||     9
         Scroll            |       |       |     5 ||     5
 Armour: Skin              |    29 |    46 |   167 ||   242
  Dodge: Dodged            |    37 |    49 |   121 ||   207
